 Dungeon Crawl Stone Soup version 0.18-a0-1805-g8ab820f (webtiles) character file.

104 Gottschkopf the Ruffian (level 4, -2/35 HPs)
             Began as a Draconian Transmuter on Apr 26, 2016.
             Slain by a gnoll
             ... wielding a +0 spear
              (12 damage)
             ... on level 3 of the Dungeon.
             The game lasted 01:20:22 (2259 turns).

Gottschkopf the Ruffian (Draconian Transmuter)      Turns: 2259, Time: 01:20:23

Health: -2/35      AC:  5    Str: 13    XL:     4   Next: 52%
Magic:  1/7        EV: 12    Int: 13    God:
Gold:   101        SH:  0    Dex: 12    Spells: 3 memorised, 1 level left

rFire  . . .     SeeInvis .       - Unarmed
rCold  . . .     Gourm    +     (armour unavailable)
rNeg   . . .     Faith    .     (no shield)
rPois  .         Spirit   .     (helmet restricted)
rElec  .         Dismiss  .     (no cloak)
rCorr  .         Reflect  .     (no gloves)
SustAt .         Harm     .     (boots currently unavailable)
MR     .....     Rnd*Tele +     e - amulet of the gourmand
Stlth  +.........               (no ring)
                                j - ring of teleportation (curse)

@: appendage (expiring), very slightly contaminated, not resistant to hostile
enchantments, very unstealthy
A: unfitting armour, talons 3, cold-blooded, AC +5
a: End Transformation


You were on level 3 of the Dungeon.
You were completely stuffed.
You had grown temporary talons.
You visited 1 branch of the dungeon, and saw 3 of its levels.

You collected 101 gold pieces.

Inventory:

Missiles
 a - 51 arrows
Jewellery
 e - an amulet of the gourmand (around neck)
 j - a cursed ring of teleportation (left hand)
Scrolls
 d - 5 scrolls of identify {unknown}
 f - a scroll of magic mapping {unknown}
 h - a scroll of fog {unknown}
 i - a scroll of teleportation {unknown}
 k - a scroll of recharging {unknown}
 m - a scroll of blinking {unknown}
Potions
 l - a potion of flight {unknown}
 o - a potion of curing {unknown}
Books
 b - a book of Changes

   Spells                             Type                      Level
   a - Beastly Appendage              Transmutation                1
   b - Sticks to Snakes               Transmutation                2
   c - Spider Form                    Transmutation/Poison         3
   d - Ice Form                       Ice/Transmutation            4
   e - Blade Hands                    Transmutation                5
Comestibles
 c - 4 bread rations
 g - a meat ration
 n - 5 chunks of flesh


   Skills:
 - Level 1.1 Fighting
 - Level 1.7 Dodging
 - Level 4.9 Unarmed Combat
 - Level 2.0 Spellcasting
 - Level 2.0 Transmutations
 * Level 1.7 Poison Magic


You had one spell level left.
You knew the following spells:

 Your Spells              Type           Power        Failure   Level  Hunger
a - Beastly Appendage     Trmt           #.....       12%         1    ##.....
b - Sticks to Snakes      Trmt           #.......     17%         2    ###....
c - Spider Form           Trmt/Pois      #.........   38%         3    ####...


Dungeon Overview and Level Annotations

Branches:
Dungeon (3/15)

Altars:
Ashenzari


Innate Abilities, Weirdness & Mutations

Your plain brown scales are hard (AC +5).
Your body does not fit into most forms of armour.
You are cold-blooded and may be slowed by cold attacks.
You have claws for feet.


Message History

The gnoll is almost dead.
The gnoll closely misses you. The gnoll hits you but does no damage.
You hit the gnoll.
You kill the gnoll!
The gnoll barely misses you. The gnoll misses you. The gnoll barely misses you.
You see here a gnoll corpse.
You hit the gnoll but do no damage. You claw the gnoll, but do no damage.
Your transformation is almost over.
The gnoll hits you with a spear!
* * * LOW HITPOINT WARNING * * *
The gnoll hits you but does no damage.
You are too injured to fight recklessly!
You are too injured to fight recklessly!
You are too injured to fight recklessly!
You are too injured to fight recklessly!
You are too injured to fight recklessly!
You are too injured to fight recklessly!
The gnoll hits you from afar with a spear!
You die...

######## #......#
#......# ######......#
............#######
............'gg....
.............r##########
.............gg†@.......
.....#........#####...##
.....#.#......# .#
.....#.#......#
.....#...#'####
.....###.#.#
.....'...#.# .#
.....#####.# .#
...........########.#


You could see 2 gnolls and a rat.

Vanquished Creatures
  A gnoll (D:3)
  3 adders
  2 dart slugs (D:1)
  6 giant geckos
  9 bats
  4 giant cockroaches
  5 goblins
  5 hobgoblins
  8 jackals
  6 kobolds
  A giant newt (D:1)
  3 rats
53 creatures vanquished.

Notes
Turn   | Place    | Note
--------------------------------------------------------------
     0 | D:1      | Gottschkopf the Draconian Transmuter began the quest for the Orb.
     0 | D:1      | Reached XP level 1. HP: 16/16 MP: 3/3
   256 | D:1      | Reached XP level 2. HP: 22/23 MP: 5/5
   261 | D:1      | Learned a level 2 spell: Sticks to Snakes
   564 | D:1      | Reached skill level 4 in Unarmed Combat
  1169 | D:1      | Reached XP level 3. HP: 24/28 MP: 4/6
  1174 | D:1      | Learned a level 3 spell: Spider Form
  1954 | D:2      | Reached XP level 4. HP: 30/35 MP: 5/7
  2016 | D:2      | Found a shattered altar of Ashenzari.
  2180 | D:3      | Reached skill level 1 in Poison Magic
  2259 | D:3      | Slain by a gnoll

Vault maps used:
D:1:      moated_graveyard_arrival
D:2:      lemuel_round_altar
D:3:      first_bread

Skill      XL: |  1  2  3  4 |
---------------+-------------+-----
Unarmed Combat | 4 |  4.9
Poison Magic   | 1 |  1.7
Fighting       | |  1.1
Dodging        | |  1.7
Spellcasting   | |  2.0
Transmutations | |  2.0

Action                   |  1- 3 |  4- 6 || total
-------------------------+-------+-------++-------
Melee: Unarmed           |   149 |    50 ||   199
       Kick              |     6 |     2 ||     8
       Tailslap          |    14 |     1 ||    15
       Headbutt          |     2 |       ||     2
       Punch             |     1 |       ||     1
 Cast: Beastly Appendage |     7 |     5 ||    12
       Spider Form       |       |     2 ||     2
 Stab: Sleeping          |     1 |     1 ||     2
  Eat: Chunk             |    10 |     7 ||    17
Armor: Skin              |    40 |    30 ||    70
Dodge: Dodged            |   124 |    84 ||   208
